 Dungeon Crawl Stone Soup version 0.23.0-3-gf3c87f2 (webtiles) character file.

Game seed: 811055793710858936

98 Scud the Insei (level 4, -5/35 HPs)
             Began as a Vampire Monk on Feb 23, 2019.
             Killed from afar by Sigmund (10 damage)
             ... with a puff of flame
             ... on level 3 of the Dungeon.
             The game lasted 00:07:40 (1285 turns).

Scud the Insei (Vampire Monk)                       Turns: 1285, Time: 00:07:41

Health: -5/35      AC:  2    Str: 11    XL:     4   Next: 44%
Magic:  4/4        EV: 14    Int: 12    God:
Gold:   174        SH:  0    Dex: 16    Spells: 3/3 levels left

rFire    . . .     SeeInvis +     - Unarmed
rCold    . . .     Gourm    .   (no shield)
rNeg     + . .     Faith    .   a - +0 robe
rPois    .         Spirit   .   (no helmet)
rElec    .         Reflect  .   (no cloak)
rCorr    .         Harm     .   (no gloves)
MR       .....                  (no boots)
Stlth    ++........             k - amulet of regeneration
HPRegen  0.51/turn              l - ring of flight
MPRegen  0.09/turn              (no ring)

@: no status effects
A: rotting body, fangs 3, see invisible, unbreathing
a: Bat Form, Evoke Flight


You were on level 3 of the Dungeon.
You were not thirsty.

You visited 1 branch of the dungeon, and saw 3 of its levels.

You collected 174 gold pieces.

Inventory:

Armour
 a - a +0 robe (worn)
Jewellery
 k - an amulet of regeneration (around neck)
 l - a ring of flight (left hand)
Wands
 n - a wand of iceblast (12)
Scrolls
 c - 2 scrolls of teleportation {unknown}
 d - a scroll of fog {unknown}
 f - a scroll of immolation {unknown}
 h - 3 scrolls of identify {unknown}
 m - 3 scrolls of remove curse {unknown}
Potions
 b - 15 potions of blood
 e - a potion of cancellation {unknown}
 g - 2 potions of degeneration {unknown}
 i - a potion of haste
 j - 2 potions of curing {unknown}
 o - a potion of invisibility {unknown}


   Skills:
 * Level 3.5 Fighting
 + Level 3.5 Dodging
 + Level 3.4 Stealth
 * Level 4.7 Unarmed Combat


You had 3 spell levels left.
You didn't know any spells.
Your spell library was empty.

Dungeon Overview and Level Annotations

Branches:
Dungeon (3/15)

Altars:
Kikubaaqudgha

Annotations:
D:3 Sigmund, Terence


Innate Abilities, Weirdness & Mutations

Your body is rotting away.
You thrive on raw meat.
You have razor-sharp teeth.
You have supernaturally acute eyesight. (SInv)
You can survive without breathing.


Message History

You are too injured to fight recklessly!
You are too injured to fight recklessly!
You are too injured to fight recklessly!
You are too injured to fight recklessly!
You are too injured to fight recklessly!
You hit Sigmund.
Sigmund is severely wounded.
Sigmund casts a spell at you. The puff of flame hits you.
* * * LOW HITPOINT WARNING * * *
You closely miss Sigmund.
Sigmund is severely wounded.
Sigmund points at you and mumbles some strange words.
The magic dart hits you.
* * * LOW HITPOINT WARNING * * *
You hit Sigmund.
Sigmund is almost dead.
Sigmund gestures at you while chanting. The puff of flame hits you!
You die...

#....# #....#
#....####
#.......
#.....###
#.?.....
#@...# #.@..#
#[...# #....#
#....####@#
#.........#
#####....#####
.........#
.........#
##.##...##


You could see Sigmund (invisible).

Vanquished Creatures
  3 adders (D:2)
  An ooze (D:1)
  A dart slug (D:1)
  2 worms (D:2)
  4 leopard geckos
  A bat (D:1)
  3 giant cockroaches
  9 goblins
  10 hobgoblins
  6 kobolds
  A quokka (D:2)
  7 frilled lizards
  6 rats
54 creatures vanquished.

Notes
Turn   | Place    | Note
-------+----------+-------------------------------------------
     0 | D:1      | Scud the Vampire Monk began the quest for the Orb.
     0 | D:1      | Reached XP level 1. HP: 17/17 MP: 1/1
   124 | D:1      | Reached XP level 2. HP: 17/23 MP: 2/2
   495 | D:1      | Reached XP level 3. HP: 29/29 MP: 3/3
   510 | D:1      | Reached skill level 4 in Unarmed Combat
   928 | D:2      | Reached XP level 4. HP: 29/35 MP: 4/4
   943 | D:2      | Found an ancient bone altar of Kikubaaqudgha.
  1264 | D:3      | Noticed Sigmund
  1265 | D:3      | Noticed Terence
  1285 | D:3      | Killed from afar by Sigmund

Skill      XL: |  1  2  3 |
---------------+----------+-----
Fighting       | 3 |  3.5
Unarmed Combat | 4 |  4.7
Dodging        | |  3.5
Stealth        | |  3.4

Action                   |  1- 3 |  4- 6 || total
-------------------------+-------+-------++-------
Melee: Unarmed           |   109 |    69 ||   178
       Bite              |    14 |     5 ||    19
       Punch             |     3 |     3 ||     6
  Use: Potion            |       |     1 ||     1
 Stab: Sleeping          |     2 |     2 ||     4
Armor: Robe              |     5 |     6 ||    11
Dodge: Dodged            |    58 |    53 ||   111
